 Dungeon Sprint DCSS version 0.28.0-45-g0d030f2227 (webtiles) character file.

Game seed: 14784564929613912150

11785 boopmooplesden the Severer (level 11, -2/136 HPs)
             Began as a Minotaur Berserker on Apr 5, 2022.
             Was the Champion of Trog.
             Engulfed by a death drake's foul pestilence (4 damage)
             ... in the Dungeon (Sprint III: "The Ten Rune Challenge").
             The game lasted 00:11:02 (2836 turns).

boopmooplesden the Severer (Minotaur Berserker)     Turns: 2836, Time: 00:11:03

Health: -2/136     AC: 19    Str: 22    XL:     11   Next: 53%
Magic:  10/10      EV: 13    Int:  4    God:    Trog [******]
Gold:   1706       SH:  4    Dex: 12    Spells: 10/10 levels left

rFire   . . .      SeeInvis .   t - +2 eveningstar (protect)
rCold   . . .      Faith    .   (no shield)
rNeg    . . .      Spirit   .   v - +0 chain mail
rPois   .          Reflect  .   (helmet restricted)
rElec   +          Harm     .   (no cloak)
rCorr   .          Rampage  .   (no gloves)
Will    .....      NoTele   +   (no boots)
Stlth   ..........              (no amulet)
HPRegen 0.32/turn               (no ring)
MPRegen 0.12/turn               (no ring)

@: lethally poisoned (-2 -> -38), under a protective aura, on berserk cooldown,
slowed, very slow
A: horns 2, retaliatory headbutt, large bone plates 1, robust 1, shaggy fur 1,
electricity resistance, weak 1, MP-powered wands
a: Renounce Religion, Berserk, Trog's Hand, Brothers in Arms


You were in the Dungeon.
You worshipped Trog.
Trog was exalted by your worship.
You visited 1 branch You collected 2090 gold pieces.
You spent 384 gold pieces at shops.

Inventory:

Hand Weapons
 a - a +0 hand axe
 n - a +2 long sword of holy wrath
 p - a +1 dire flail of distortion
 q - a +4 battleaxe of protection
 r - the +8 woodcutter's axe {vorpal}
   (Trog gifted it to you in the Dungeon)

   It inflicts extra damage upon your enemies.
 s - the +3 war axe "Leolo" {antimagic, rN+ Str+3 Dex-2 SInv}
   (Trog gifted it to you in the Dungeon)

   It reduces the magical energy of the wielder, and disrupts the spells and
   magical abilities of those it strikes.
   Natural abilities and divine invocations are not affected.
   Str:       It affects your strength (+3).
   Dex:       It affects your dexterity (-2).
   rN:        It protects you from negative energy.
   SInv:      It lets you see invisible.
 t - a +2 eveningstar of protection (weapon)
Missiles
 u - 5 javelins (quivered)
Armour
 b - a +0 animal skin
 m - a +0 leather armour
 v - a +0 chain mail (worn)
Scrolls
 h - a scroll of blinking
 i - a scroll of holy word
 j - a scroll of identify
Potions
 d - 3 potions of heal wounds
 e - a potion of haste
 f - 2 potions of magic
 g - a potion of berserk rage
 k - 4 potions of flight
 l - 2 potions of mutation
Miscellaneous
 o - a piece from Xom's chessboard (15/15)


   Skills:
 + Level 19.8 Fighting
 + Level 20.5(20.9) Axes
 + Level 7.1(15.1) Maces & Flails
 + Level 9.7 Armour
 + Level 13.0 Dodging
 + Level 4.6 Stealth
 + Level 4.6 Shields
 + Level 0.8 Evocations


You had 10 spell levels left.
You didn't know any spells.
Your spell library was empty.

Dungeon Overview and Level Annotations

Branches:
Dungeon (1/1)

Altars:
Cheibriados
Dithmenos
Elyvilon
Fedhas
Gozag
Hepliaklqana
Kikubaaqudgha
Makhleb
Nemelex Xobeh
Okawaru
Qazlal
Ru
Sif Muna
Trog
Uskayaw
Vehumet
Wu Jian
Xom
Yredelemnul
Zin
The Shining One
Beogh
Jiyva
Lugonu

Shops:
D ?


Innate Abilities, Weirdness & Mutations

You have a pair of horns on your head.
You reflexively headbutt those who attack you in melee.
You are partially covered in large bone plates. (SH +4)
You are robust. (+10% HP)
You are covered in fur. (AC +1)
You are resistant to electric shocks. (rElec)
You are weak. (Str -2)
You expend magic power (3 MP) to strengthen your wands.


Message History

The death drake closely misses you. You furiously retaliate!
You headbutt the death drake! The death drake breathes miasma at you.
The foul vapour engulfs you!
You are more poisoned.
You feel as though you will be slow longer.
* * * LOW HITPOINT WARNING * * *
Unknown command.
You feel better.
You are engulfed in dark miasma.
You are lethally poisoned!
* * * LOW HITPOINT WARNING * * *
You feel extremely sick. The death drake bites you.
* * * LOW HITPOINT WARNING * * *
The death drake bites you but does no damage.
You feel better.
The death drake bites you but does no damage. x2
You hit the death drake.
Your weapon exudes an aura of protection.
The death drake is lightly wounded.
The death drake barely misses you. You furiously retaliate!
You headbutt the death drake. You barely miss the death drake.
The death drake is lightly wounded.
The death drake closely misses you. The death drake breathes miasma at you.
The foul vapour misses you.
You impale the death drake!! You punch the death drake.
The death drake is heavily wounded.
You are engulfed in dark miasma.
You are lethally poisoned!
* * * LOW HITPOINT WARNING * * *
x2 You feel very sick.
The death drake closely misses you. You furiously retaliate!
You headbutt the death drake, but do no damage.
You bludgeon the death drake!!
The death drake is almost dead.
You are engulfed in dark miasma.
You are more poisoned.
You die...

#..♣♣ ♣♣♣##'#####
###'♣♣♣♣♣♣♣♣♣♣♣♣♣♣♣ #.).+
♣♣♣♣†##..##≈≈≈≈≈≈..# #...#
♣†..##.##.#≈≈≈≈≈...# #...#
♣♣.##.##.##'≈≈≈≈≈####+#####
♣..#.##...#†≈..○°☼○°.
♣♣.##.##.÷#°°°+#####
♣♣.##.#####°°°#
♣.....##..°k@°#
########+######


You could see a death drake (catching breath).

Vanquished Creatures
  Harold (D)
  Erolcha (D)
  2 hydras (D)
  Urug (D)
  An orc high priest (D)
  Joseph (D)
  A deep elf pyromancer (D)
  A lindwurm (D)
  An orc knight (D)
  An orc sorcerer (D)
  2 cane toads (D)
  A komodo dragon (D)
  A queen bee (D)
  2 tyrant leeches (D)
  3 wandering mushrooms (D)
  A shadow (D)
  5 redbacks (D)
  A spatial vortex (D)
  A necrophage (D)
  5 two-headed ogres (D)
  A water elemental (D)
  32 killer bees (D)
  An electric eel (D)
  2 orc priests (D)
  A jelly (D)
  A wizard (D)
  Jessica (D)
  A necromancer (D)
  2 orc wizards (D)
  A human (D)
  A kobold demonologist (D)
  A phantom (D)
  3 orcs (D)
  3 rats (D)
84 creatures vanquished.

Vanquished Creatures (collateral kills)
  2 humans (D)
  An orc warrior (D)
  An orc priest (D)
  An orc wizard (D)
  5 orcs (D)
10 creatures vanquished.

Vanquished Creatures (others)
  A plant (D)
1 creature vanquished.

Grand Total: 95 creatures vanquished

Notes
Turn   | Place    | Note
-------+----------+-------------------------------------------
     0 | D        | boopmooplesden the Minotaur Berserker began the quest for
                  | the Orb.
     0 | D        | Reached XP level 1. HP: 19/19 MP: 0/0
     6 | D        | Reached skill level 4 in Axes
     9 | D        | Noticed Jessica
    11 | D        | Killed Jessica
    11 | D        | Reached ** piety under Trog
    12 | D        | Reached skill level 5 in Fighting
    12 | D        | Reached skill level 5 in Axes
    12 | D        | Reached XP level 2. HP: 26/30 MP: 1/1
    48 | D        | Reached skill level 6 in Axes
    48 | D        | Reached XP level 3. HP: 37/37 MP: 2/2
   224 | D        | Gained mutation: You are covered in fur. (AC +1) [potion of
                  | mutation]
   224 | D        | Gained mutation: You have hidden genetic potential. [potion
                  | of mutation]
   224 | D        | Gained mutation: Your natural rate of healing is unusually
                  | fast. [potion of mutation]
   225 | D        | Lost mutation: You are covered in fur. (AC +1) [potion of
                  | mutation]
   225 | D        | Lost mutation: Your natural rate of healing is unusually
                  | fast. [potion of mutation]
   225 | D        | Gained mutation: You are weak. (Str -2) [potion of
                  | mutation]
   225 | D        | Gained mutation: You are resistant to electric shocks.
                  | (rElec) [potion of mutation]
   225 | D        | Gained mutation: You are partially covered in large bone
                  | plates. (SH +4) [potion of mutation]
   237 | D        | Noticed a water elemental
   240 | D        | Killed a water elemental
   240 | D        | Reached *** piety under Trog
   241 | D        | Reached skill level 7 in Axes
   241 | D        | Reached XP level 4. HP: 48/48 MP: 3/3
   249 | D        | Gained mutation: You have great hidden genetic potential.
                  | [hidden potential]
   278 | D        | Found a radiant altar of Vehumet.
   278 | D        | Found a shimmering blue altar of Sif Muna.
   278 | D        | Found an ancient bone altar of Kikubaaqudgha.
   278 | D        | Noticed a wizard
   283 | D        | Killed a wizard
   284 | D        | Reached skill level 8 in Axes
   285 | D        | Noticed a soul eater
   288 | D        | Reached XP level 5. HP: 56/56 MP: 4/4
   372 | D        | Found a basalt altar of Yredelemnul.
   372 | D        | Found a shadowy altar of Dithmenos.
   372 | D        | Found a sacrificial altar of Ru.
   372 | D        | Noticed a necrophage
   374 | D        | Killed a necrophage
   374 | D        | Reached **** piety under Trog
   375 | D        | Reached skill level 9 in Axes
   375 | D        | Reached skill level 5 in Armour
   375 | D        | Reached skill level 5 in Dodging
   379 | D        | Reached skill level 10 in Axes
   387 | D        | Gained mutation: You are covered in fur. (AC +1) [hidden
                  | potential]
   387 | D        | Lost mutation: You have great hidden genetic potential.
                  | [hidden potential expressed]
   393 | D        | Found a hide-covered altar of Uskayaw.
   393 | D        | Found an iron altar of Okawaru.
   394 | D        | Found a bloodstained altar of Trog.
   394 | D        | Found an ornate altar of the Wu Jian Council.
   394 | D        | Noticed a human
   394 | D        | Noticed a human
   409 | D        | Killed a human
   410 | D        | Reached skill level 10 in Fighting
   410 | D        | Reached skill level 11 in Axes
   410 | D        | Reached XP level 6. HP: 42/67 MP: 5/5
   412 | D        | Killed a human
   413 | D        | Reached XP level 7. HP: 41/74 MP: 6/6
   424 | D        | Gained mutation: You expend magic power (3 MP) to
                  | strengthen your wands. [hidden potential]
   523 | D        | Found a glowing silver altar of Zin.
   523 | D        | Found a glowing golden altar of the Shining One.
   523 | D        | Found a white marble altar of Elyvilon.
   523 | D        | Noticed a deep elf pyromancer
   526 | D        | Killed a deep elf pyromancer
   527 | D        | Reached skill level 13 in Axes
   543 | D        | Noticed a shadow
   555 | D        | Killed a shadow
   556 | D        | Reached XP level 8. HP: 47/86 MP: 7/7
   561 | D        | Gained mutation: You are robust. (+10% HP) [hidden
                  | potential]
   561 | D        | Lost mutation: You have hidden genetic potential. [hidden
                  | potential expressed]
   733 | D        | Found a blossoming altar of Fedhas.
   733 | D        | Found a stormy altar of Qazlal.
   733 | D        | Found a snail-covered altar of Cheibriados.
   733 | D        | Found a burning altar of Makhleb.
   733 | D        | Found a shimmering altar of Xom.
   734 | D        | Found a hazy altar of Hepliaklqana.
   734 | D        | Found an opulent altar of Gozag.
   734 | D        | Found a sparkling altar of Nemelex Xobeh.
   734 | D        | Found a corrupted altar of Lugonu.
   734 | D        | Found a viscous altar of Jiyva.
   745 | D        | Reached ***** piety under Trog
   760 | D        | Reached skill level 14 in Axes
   969 | D        | Noticed a two-headed ogre
   979 | D        | Killed a two-headed ogre
  1095 | D        | Noticed Erolcha
  1096 | D        | Noticed a two-headed ogre
  1106 | D        | Killed Erolcha
  1107 | D        | Reached skill level 15 in Axes
  1107 | D        | Reached skill level 10 in Dodging
  1107 | D        | Reached skill level 1 in Stealth
  1107 | D        | Reached XP level 9. HP: 105/105 MP: 8/8
  1114 | D        | Killed a two-headed ogre
  1115 | D        | Reached skill level 15 in Fighting
  1115 | D        | Reached skill level 16 in Axes
  1372 | D        | Noticed Harold
  1373 | D        | Noticed Joseph
  1381 | D        | Killed Harold
  1382 | D        | Reached skill level 17 in Axes
  1382 | D        | Reached skill level 1 in Shields
  1382 | D        | Reached XP level 10. HP: 117/117 MP: 9/9
  1393 | D        | Killed Joseph
  1450 | D        | Noticed an orc knight
  1450 | D        | Noticed an orc high priest
  1459 | D        | Killed an orc high priest
  1459 | D        | Received a gift from Trog
  1459 | D        | Noticed an orc sorcerer
  1460 | D        | Reached skill level 18 in Axes
  1460 | D        | Reached skill level 1 in Maces & Flails
  1472 | D        | Killed an orc knight
  1474 | D        | Found Sygam's Magic Scroll Shop.
  1475 | D        | Killed an orc sorcerer
  1475 | D        | Reached ****** piety under Trog
  1475 | D        | Received a gift from Trog
  1742 | D        | Bought a scroll of brand weapon for 220 gold pieces
  1742 | D        | Bought a scroll of enchant weapon for 82 gold pieces
  1742 | D        | Bought a scroll of enchant weapon for 82 gold pieces
  1797 | D        | Received a gift from Trog
  1811 | D        | Received a gift from Trog
  1815 | D        | Reached skill level 5 in Maces & Flails
  1821 | D        | Received a gift from Trog
  1821 | D        | Found the +8 woodcutter's axe {vorpal}
  1825 | D        | Reached skill level 19 in Axes
  1825 | D        | Received a gift from Trog
  1877 | D        | Reached XP level 11. HP: 101/133 MP: 10/10
  2021 | D        | Received a gift from Trog
  2376 | D        | Noticed a lindwurm
  2384 | D        | Killed a lindwurm
  2386 | D        | Reached skill level 20 in Axes
  2600 | D        | Identified the +3 war axe "Leolo" {antimagic, rN+ Str+3
                  | Dex-2 SInv} (Trog gifted it to you in the Dungeon)
  2600 | D        | Received a gift from Trog
  2602 | D        | Noticed Urug
  2612 | D        | Killed Urug
  2810 | D        | Noticed a five-headed hydra
  2810 | D        | Noticed an eight-headed hydra
  2817 | D        | Killed a five-headed hydra
  2823 | D        | Killed an eight-headed hydra
  2826 | D        | Noticed a death drake
  2830 | D        | HP: 3/136 [death drake/foul vapour (7)]
  2835 | D        | HP: 2/136 [poisoned by a death drake (dark miasma)]
  2836 | D        | Engulfed by a death drake's foul pestilence

Illustrated notes

Levels and vault maps discovered:
D:        dungeon_sprint_mu [sprint_mu_entry_forest, sprint_mu_temple_rooms,
          sprint_mu_d1_spiders, sprint_mu_d2_genie, sprint_mu_d3_branching,
          sprint_mu_orc_legion, sprint_mu_elf_gauntlet, sprint_mu_hive_nellie,
          sprint_mu_lair_fedhas, sprint_mu_vaults_butterflies,
          sprint_mu_slime_circle, sprint_mu_shoals_kraken,
          sprint_mu_snake_twists, sprint_mu_blade_basic, sprint_mu_crypt_lich,
          sprint_mu_tomb_spiral, sprint_mu_vestibule_basic,
          sprint_mu_gehenna_hellfire, sprint_mu_dis_giant,
          sprint_mu_tartarus_statrot, sprint_mu_cocytus_islands, sprint_mu_zot1]

Skill      XL: |  1  2  3  4  5  6  7  8  9 10 11 |
---------------+----------------------------------+-----
Fighting       | 5 6 7 8 10 11 13 14 16 18 19 | 19.8
Axes           | 5 6 7 8 11 13 15 17 19 20 | 20.5
Armour         | 3 4 5 6 7 8 9 |  9.7
Dodging        | 3 4 6 8 10 11 12 13 | 13.0
Stealth        | 1 2 4 |  4.6
Shields        | 1 3 4 |  4.6
Maces & Flails | 6 7 |  7.1
Evocations     | |  0.8

Action                   |  1- 3 |  4- 6 |  7- 9 | 10-12 || total
-------------------------+-------+-------+-------+-------++-------
Melee: Hand axe          |    24 |    21 |    72 |    11 ||   128
       Headbutt          |     3 |     3 |    16 |    28 ||    50
       Battleaxe         |       |       |       |    34 ||    34
       Dire flail        |       |       |       |    24 ||    24
       War axe           |       |       |       |    49 ||    49
       Eveningstar       |       |       |       |    13 ||    13
       Punch             |       |       |       |     3 ||     3
Invok: Berserk           |     3 |     2 |     5 |     5 ||    15
       Trog's Hand       |     1 |     1 |       |       ||     2
       Brothers in Arms  |       |     1 |       |     1 ||     2
Evoke: Piece from Xom's  |       |       |     1 |       ||     1
  Use: Potion            |     2 |       |       |     2 ||     4
       Scroll            |       |       |       |     5 ||     5
 Stab: Sleeping          |       |       |       |     5 ||     5
Armor: Animal skin       |     1 |     2 |       |       ||     3
       Leather armour    |       |       |     6 |    16 ||    22
       Chain mail        |       |       |       |    13 ||    13
Dodge: Dodged            |    15 |    20 |    24 |    79 ||   138
Block: Other             |       |     2 |     6 |    21 ||    29
